 Dungeon Crawl Stone Soup version 0.32-a0-450-g080537f31e (webtiles) character file.

Game seed: 6965631656755398118

34937 CougarLife the Geomancer (level 13, 0/76 HPs)
             Began as a Gargoyle Earth Elementalist on Feb 23, 2024.
             Was an Initiate of Gozag.
             Engulfed by a cloud of freezing vapour (21 damage)
             ... on level 3 of the Lair of Beasts.
             The game lasted 00:39:28 (19776 turns).

CougarLife the Geomancer (GrEE)                    Turns: 19776, Time: 00:39:29

Health: 0/76       AC: 15    Str: 15    XL:     13   Next: 80%
Magic:  22/29      EV: 16    Int: 21    God:    Gozag
Gold:   2469       SH:  0    Dex: 10    Spells: 27/36 levels left

rFire   . . .        x - +2 dagger (venom)
rCold   . . .        (no shield)
rNeg    + . .        a - +0 robe
rPois   ∞            k - +0 helmet
rElec   +            G - +0 cloak
rCorr   .            l - +0 pair of gloves {Str+3}
SInv    .            y - +0 pair of boots
Will    .....        (no amulet)
Stlth   ++           u - +4 ring of slaying
HPRegen 0.32/turn    J - +5 ring of evasion
MPRegen 0.21/turn

%: no passive effects
@: mighty, about to teleport
A: sickness immunity, AC +9, negative energy resistance 1, electricity
resistance, torment resistance 1, petrification resistance
a: Renounce Religion, Potion Petition, Call Merchant, Bribe Branch


You were on level 3 of the Lair of Beasts.
You worshipped Gozag.
Gozag was most pleased with you.
You visited 3 branches of the dungeon, and saw 15 of its levels.
You also visited: Volcano.

You collected 3717 gold pieces.
You spent 1122 gold pieces at shops.
You paid 126 gold pieces to Gozag.

Inventory:

Hand Weapons
 x - a +2 dagger of venom (weapon)
Armour
 a - a +0 robe (worn)
 k - a +0 helmet (worn)
 l - a +0 pair of gloves of strength (worn)
 y - a +0 pair of boots (worn)
 G - a +0 cloak (worn)
Jewellery
 g - the ring of Rioffy {rC+ rN+ rCorr MP+9}
   (You acquired it on level 2 of the Lair of Beasts)

   [ring of positive energy]

   rC+:       It protects you from cold.
   rN+:       It protects you from negative energy.
   MP+9:      It affects your magic capacity (+9).
   rCorr:     It protects you from acid and corrosion.
 u - a +4 ring of slaying (left hand)
 D - a ring of protection from fire
 J - a +5 ring of evasion (right hand)
 M - a ring of see invisible
Wands
 j - a wand of roots (20)
 s - a wand of mindburst (12)
 v - a wand of flame (46)
 B - a wand of charming (17)
 C - a wand of quicksilver (7)
 F - a wand of polymorph (12)
Scrolls
 h - 4 scrolls of amnesia
 m - 4 scrolls of poison
 w - 2 scrolls of enchant armour
 A - a scroll of silence
 E - 3 scrolls of fog
 H - 2 scrolls of torment
Potions
 b - a potion of magic
 c - 3 potions of haste {unknown}
 d - 4 potions of enlightenment {unknown}
 e - 3 potions of resistance {unknown}
 f - 3 potions of heal wounds {unknown}
 i - a potion of lignification {unknown}
 n - 5 potions of might
 o - 5 potions of curing {unknown}
 q - a potion of invisibility {unknown}
 r - a potion of cancellation {unknown}
 t - 4 potions of attraction {unknown}
 z - 2 potions of brilliance {unknown}
 I - a potion of berserk rage {unknown}
 K - 3 potions of mutation {unknown}
 L - 2 potions of degeneration {unknown}
 N - a potion of ambrosia {unknown}


   Skills:
 + Level 6.8 Fighting
 - Level 1.5 Dodging
 - Level 2.1 Stealth
 + Level 12.0 Spellcasting
 + Level 13.7 Conjurations
 - Level 6.4 Air Magic
 + Level 14.0 Earth Magic


You had 27 spell levels left.
You knew the following spells:

 Your Spells              Type           Power      Damage    Failure   Level
a - Sandblast             Erth           100%       2d20      0%          1
b - Stone Arrow           Conj/Erth      100%       3d13      1%          3
c - Freezing Cloud        Conj/Ice/Air   20%        6-21      10%         5

Your spell library contained the following spells:

 Spells                   Type           Power      Damage    Failure   Level
 Momentum Strike          Conj/Tloc      82%        3d10      1%          2
 Dazzling Flash           Conj/Hex       82%        N/A       1%          3
 Hailstorm                Conj/Ice       41%        3d9       1%          3
 Mephitic Cloud           Conj/Alch/Air  40%        N/A       1%          3
 Passwall                 Erth           64%        N/A       1%          3
 Brom's Barrelling Bould  Conj/Erth      63%        2d8       1%          4
 Animate Armour           Summ/Erth      84%        N/A       3%          4
 Petrify                  Alch/Erth      42%        N/A       3%          4
 Blink                    Tloc           24%        N/A       8%          2
 Call Imp                 Summ           24%        N/A       8%          2
 Lesser Beckoning         Tloc           24%        N/A       8%          2
 Borgnjor's Vile Clutch   Necr/Erth      21%        N/A       9%          5
 Call Canine Familiar     Summ           12%        N/A       16%         3
 Frozen Ramparts          Ice            24%        1d4       16%         3
 Silence                  Hex/Air        13%        N/A       36%         5
 Manifold Assault         Tloc           12%        N/A       45%         4
 Summon Blazeheart Golem  Fire/Summ      12%        N/A       45%         4
 Lehudib's Crystal Spear  Conj/Erth      31%        10d8      75%         8
 Curse of Agony           Necr           12%        N/A       82%         5
 Summon Mana Viper        Hex/Summ       12%        N/A       82%         5
 Death Channel            Necr           6%         N/A       100%        6
 Dispersal                Tloc           6%         N/A       100%        6
 Sculpt Simulacrum        Ice/Alch       6%         N/A       100%        6
 Disjunction              Tloc           6%         N/A       100%        8
 Animate Dead             Necr           Unusable   N/A       N/A         4

Dungeon Overview and Level Annotations

Branches:
Dungeon (11/15)            Temple (1/1) D:6            Lair (3/5) D:8
 Shoals (0/4) Lair:2        Snake (0/4) Lair:2          Orc (0/2) D:10
Volcano (visited)

Altars:
Ashenzari
Cheibriados
Dithmenos
Elyvilon
Fedhas
Gozag
Hepliaklqana
Kikubaaqudgha
Makhleb
Nemelex Xobeh
Okawaru
Qazlal
Ru
Sif Muna
Trog
Uskayaw
Vehumet
Wu Jian
Xom
Yredelemnul
Zin
The Shining One
Beogh

Shops:
D:1 (!   D:2 *   D:3 [   D:7 :   D:11 *

Annotations:
D:3 3 runed translucent doors, ezpacito's ghost, amateur DsCK
D:11 2 runed translucent doors


Innate Abilities, Weirdness & Mutations

You are immune to sickness and miasma.
Your stone body is resilient. (AC +9)
You are immune to poison.
You resist negative energy. (rN+)
You are resistant to electric shocks. (rElec)
You are resistant to unholy torment.
You are immune to petrification.


Message History

Okay, then.
It was a potion of might.
You feel very mighty all of a sudden. The death yak completely misses you.
Okay, then.
Casting: Stone Arrow (safe; 1% risk of failure)
Confirm with . or Enter, or press ? or * to list all spells.
Okay, then.
Casting: Stone Arrow (safe; 1% risk of failure)
Confirm with . or Enter, or press ? or * to list all spells.
Aiming: Freezing Cloud (dangerous; 10% risk of failure)
Press: ? - help, Dir - move target You are engulfed in freezing vapours.
The death yak is engulfed in freezing vapours. x3
The death yak barely misses you.
The death yak is engulfed in freezing vapours. x3
The death yak attacks as it pursues you!
The death yak misses you.
The death yak is engulfed in freezing vapours. x2
The death yak attacks as it pursues you!
The death yak gores you but does no damage.
The death yak is engulfed in freezing vapours.
The death yak is engulfed in freezing vapours.
The death yak attacks as it pursues you!
The death yak misses you.
Casting: Freezing Cloud (dangerous; 10% risk of failure)
Confirm with . or Enter, or press ? or * to list all spells.
You don't know that spell.
Casting: Freezing Cloud (dangerous; 10% risk of failure)
Confirm with . or Enter, or press ? or * to list all spells.
Aiming: Freezing Cloud (dangerous; 10% risk of failure)
Press: ? - help, Dir - move target You are engulfed in freezing vapours.
* * * LOW HITPOINT WARNING * * *
The death yak is engulfed in freezing vapours.
As you read the scroll labelled YSTOGG NAJIRU, it crumbles to dust.
You feel strangely unstable.
It was a scroll of teleportation.
You are engulfed in freezing vapours.
You die...
Your body crumbles into a pile of gold.

##### ##### #@#.##### ##...###
##Y§§...##### ##
#......####YY§.....#.####P#
####.....##...§§§.....#.......
###.#...........................
##..#....................###.....
........#...#....Y.......#.#.....
<....#.#....##.................#.
.........###.##.......#....#....#


You could see 4 death yaks.

Vanquished Creatures
  A fire dragon (Volcano)
  A boulder beetle (D:11)
  2 two-headed ogres
  2 death yaks (Lair:3)
  3 sun demons (Volcano)
  Amaemon (Lair:2)
  2 skysharks
  Pikel (D:7)
  2 harpies (Lair:2)
  A salamander (Lair:2)
  An ugly thing (D:11)
  Maurice (D:10)
  A manticore (D:11)
  An oklob plant (Lair:3)
  5 elephants (Lair:2)
  3 black mambas
  A cane toad (Lair:3)
  A smoke demon (Volcano)
  An orange demon (Lair:2)
  A gargoyle (D:11)
  3 unseen horrors
  4 kobold demonologists
  5 komodo dragons
  3 trolls
  A hornet (D:9)
  11 blink frogs
  3 dream sheep (Lair:1)
  4 shadows
  A vampire (D:9)
  26 yaks
  2 wraiths
  3 wyverns
  Eustachio (D:5)
  2 vampire mosquitoes (D:11)
  3 basilisks
  9 steam dragons
  3 nagas (Lair:2)
  13 water moccasins
  2 acid dragons
  A hell hound (Volcano)
  A sky beast (D:8)
  2 black bears
  3 orc warriors
  4 ogres
  2 centaurs (D:8)
  14 kobold brigands
  A phantom (D:3)
  3 gnoll sergeants
  9 bullfrogs
  3 scorpions (D:6)
  16 wights
  4 killer bees
  A vampire bat (Lair:3)
  8 howler monkeys
  A bombardier beetle (D:3)
  2 jellies
  2 hounds (D:5)
  3 gnoll boudas
  2 orc priests
  A sleepcap (D:7)
  Ijyb (D:3)
  Natasha (thrice) (D:2)
  2 iguanas
  12 orc wizards
  Robin (D:2)
  17 gnolls
  11 adders
  A white imp (D:6)
  2 ribbon worms
  A dart slug (D:4)
  30 orcs
  7 ball pythons
  7 endoplasms
  3 giant cockroaches
  10 goblins (D:2)
  7 hobgoblins
  7 jackals
  22 kobolds
  3 quokkas (D:2)
  12 bats
  3 frilled lizards (D:1)
  2 rats (D:1)
378 creatures vanquished.

Notes
Turn   | Place    | Note
-------+----------+-------------------------------------------
     0 | D:1      | CougarLife the Gargoyle Earth Elementalist began the quest
                  | for the Orb.
     0 | D:1      | Reached XP level 1. HP: 10/10 MP: 3/3
    61 | D:1      | Found Ashripp's Weapon Shoppe.
   117 | D:1      | Reached XP level 2. HP: 15/15 MP: 1/5
   222 | D:1      | Reached skill level 4 in Earth Magic
   709 | D:1      | Found Baxzixzy's Distillery.
   720 | D:1      | Reached XP level 3. HP: 19/19 MP: 2/6
  1191 | D:2      | Noticed Natasha
  1199 | D:2      | Killed Natasha
  1200 | D:2      | Reached XP level 4. HP: 20/24 MP: 3/8
  1303 | D:2      | Found Sozous's Assorted Antiques.
  1693 | D:2      | Identified the +2 kite shield of Untold Secrets {Int+3
                  | Dex+7}
  1701 | D:2      | Noticed Robin
  1707 | D:2      | Killed Robin
  1749 | D:2      | Noticed Natasha
  1757 | D:2      | Killed Natasha
  1758 | D:2      | Reached XP level 5. HP: 6/28 MP: 1/9
  2035 | D:2      | Noticed Natasha
  2038 | D:2      | Killed Natasha
  2039 | D:2      | Reached skill level 5 in Earth Magic
  2043 | D:2      | Learned a level 3 spell: Stone Arrow
  2216 | D:3      | Found a runed translucent gate.
  2223 | D:3      | Found a runed translucent gate.
  2223 | D:3      | Identified the +1 leather armour "Quret" {+Inv}
  2224 | D:3      | Found a runed translucent gate.
  2225 | D:3      | Noticed ezpacito's ghost (amateur DsCK)
  2311 | D:3      | You fall into a shaft and drop 1 floor!
  2637 | D:3      | Noticed a phantom
  2641 | D:3      | Killed a phantom
  2642 | D:3      | Reached XP level 6. HP: 30/32 MP: 6/11
  2737 | D:3      | Noticed Ijyb
  2741 | D:3      | Killed Ijyb
  2837 | D:3      | Found Tiomocil's Antique Armour Boutique.
  3313 | D:3      | Found a roughly hewn altar of Beogh.
  3822 | D:4      | Reached skill level 6 in Earth Magic
  3851 | D:4      | Reached XP level 7. HP: 23/36 MP: 0/13
  4420 | D:5      | Entered Level 5 of the Dungeon
  4636 | D:5      | Reached skill level 5 in Conjurations
  4802 | D:5      | Noticed Eustachio
  4814 | D:5      | Killed Eustachio
  4815 | D:5      | Reached skill level 5 in Spellcasting
  4815 | D:5      | Reached skill level 7 in Earth Magic
  4815 | D:5      | Reached XP level 8. HP: 36/41 MP: 3/15
  5746 | D:6      | Reached skill level 8 in Earth Magic
  5790 | D:6      | Found a staircase to the Ecumenical Temple.
  5922 | Temple   | Entered the Ecumenical Temple
  5971 | D:6      | Found a sparkling altar of Nemelex Xobeh.
  6251 | D:6      | Reached XP level 9. HP: 45/45 MP: 8/18
  6917 | D:6      | Reached skill level 9 in Earth Magic
  7476 | D:7      | Found Jikk's Tremendous Tomes.
  7577 | Temple   | Became a worshipper of Gozag Ym Sagoz the Greedy
  8299 | D:7      | Reached skill level 10 in Earth Magic
  8418 | D:8      | Noticed Pikel
  8426 | D:7      | Killed Pikel
  8427 | D:7      | Reached XP level 10. HP: 17/50 MP: 7/21
  9041 | D:8      | Found a staircase to the Lair.
  9152 | D:8      | Found a hazy altar of Hepliaklqana.
  9328 | D:9      | Reached skill level 11 in Earth Magic
  9507 | D:9      | Noticed a kobold demonologist
  9513 | D:9      | Killed a kobold demonologist
  9514 | D:9      | Reached skill level 10 in Conjurations
 10056 | D:9      | Reached XP level 11. HP: 54/54 MP: 13/24
 10481 | D:10     | Entered Level 10 of the Dungeon
 10565 | D:10     | Reached skill level 1 in Air Magic
 10719 | D:10     | Noticed Maurice
 10719 | D:10     | Noticed a two-headed ogre
 10733 | D:10     | Maurice stole 198 gold
 10735 | D:10     | Killed a two-headed ogre
 10735 | D:10     | Maurice stole 698 gold
 10737 | D:10     | Maurice stole 63 gold
 10744 | D:10     | Killed Maurice
 10874 | D:10     | Found a stormy altar of Qazlal.
 10912 | D:10     | Found a staircase to the Orcish Mines.
 11263 | D:10     | Found a blossoming altar of Fedhas.
 11292 | D:10     | Found an ornate altar of the Wu Jian Council.
 11292 | D:10     | Found a radiant altar of Vehumet.
 11305 | D:10     | Found a shadowy altar of Dithmenos.
 11307 | D:10     | Found a bloodstained altar of Trog.
 11311 | D:10     | Found an ancient bone altar of Kikubaaqudgha.
 11615 | D:7      | Bought the Lessons on Glaciation and Adjuration for 1014
                  | gold pieces
 11989 | D:11     | HP: 2/54 [something (31)]
 12393 | D:11     | Found Caiq's CLEARANCE SALE!.
 12402 | D:11     | Bought a book of Armaments for 108 gold pieces
 12535 | D:11     | Noticed a two-headed ogre
 12540 | D:11     | Killed a two-headed ogre
 12764 | D:11     | Noticed a boulder beetle
 12778 | D:11     | Killed a boulder beetle
 13085 | D:11     | Reached skill level 10 in Spellcasting
 13265 | D:11     | Noticed a green ugly thing
 13280 | D:11     | Killed a green ugly thing
 13338 | D:11     | Reached skill level 5 in Air Magic
 13354 | D:11     | Noticed a sixfirhy
 13581 | D:11     | Noticed a manticore
 13594 | D:11     | Reached XP level 12. HP: 46/59 MP: 19/26
 13601 | D:11     | Identified 2 scrolls of acquirement
 14131 | D:11     | Found a runed translucent door.
 14131 | D:11     | Found a runed translucent door.
 14131 | D:11     | Noticed a tengu warrior
 14445 | D:8      | Upgraded the game from 0.32-a0-433-g08bcfe7efd to
                  | 0.32-a0-450-g080537f31e
 14446 | Lair:1   | Entered Level 1 of the Lair of Beasts
 14486 | Lair:1   | Learned a level 5 spell: Freezing Cloud
 14498 | Lair:1   | Found a dark tunnel.
 14549 | Volcano  | Entered a volcano
 14750 | Volcano  | Noticed a sun demon
 14756 | Volcano  | Killed a sun demon
 14919 | Volcano  | Reached skill level 12 in Earth Magic
 15087 | Volcano  | Reached skill level 1 in Fighting
 15162 | Volcano  | Noticed a sun demon
 15189 | Volcano  | Killed a sun demon
 15327 | Volcano  | Noticed a sun demon
 15333 | Volcano  | Killed a sun demon
 15468 | Volcano  | Noticed a fire dragon
 15480 | Volcano  | Killed a fire dragon
 16874 | Lair:2   | Noticed a skyshark
 16879 | Lair:2   | Killed a skyshark
 16952 | Lair:2   | Found a staircase to the Shoals.
 17041 | Lair:2   | Reached XP level 13. HP: 70/70 MP: 17/28
 17061 | Lair:2   | Reached skill level 13 in Earth Magic
 17106 | Lair:2   | Reached skill level 5 in Fighting
 17264 | Lair:2   | Found a shimmering altar of Xom.
 17459 | Lair:2   | Noticed Amaemon
 17470 | Lair:2   | Killed Amaemon
 18442 | Lair:2   | Found a staircase to the Snake Pit.
 18958 | Lair:2   | Acquired 567 gold pieces
 18962 | Lair:2   | Acquired the ring of Rioffy {rC+ rN+ rCorr MP+9}
 19219 | Lair:3   | Identified the +2 falchion of Bile {drain, rElec Str+3
                  | Dex-4 Stlth+}
 19628 | Lair:3   | Reached skill level 14 in Earth Magic
 19776 | Lair:3   | Engulfed by a cloud of freezing vapour

Illustrated notes

Levels and vault maps discovered:
D:1:      dpeg_arrival_solitude, layout_loops_corners, serial_shops, shop, shop
D:2:      layout_loops_cross, serial_shops, shop, uniq_natasha, uniq_robin
D:3:      layout_loops_ring, biasface_ghost_orc_armoury, serial_shops,
          nicolae_shop_tiny_real_fake_doors, uniq_ijyb
D:4:      layout_layer_cave, minmay_gold_behind_fungi
D:5:      layout_loops_ring, kennysheep_generic_room_13, uniq_eustachio
D:6:      minmay_spotlight, layout_loops_corners, overflow_temple_1_default,
          minmay_temple_entry_crystal_x
D:7:      layout_rooms, grunt_ministairs_8, nicolae_shop_i_like_big_books
D:8:      layout_cave_pools, mainiacjoe_overflow_alcove_1, david_lair_shrubbed,
          uniq_pikel
D:9:      layout_roguey [special_room_kobold], minmay_misc_feat_secret_circle
D:10:     layout_rooms, grunt_temple_overflow_forces_of_nature,
          chequers_temple_overflow_minitemple, orc_0_dummy, uniq_maurice
D:11:     minmay_the_grid_triangle_9x9_rhombus_full
          [minmay_the_grid_triangle_9x9_corruption,
          minmay_the_grid_triangle_9x9_descending_squares,
          minmay_the_grid_triangle_9x9_steps,
          minmay_the_grid_triangle_9x9_stretched_checkered,
          minmay_the_grid_triangle_9x9_skeleton,
          minmay_the_grid_triangle_9x9_minimal,
          minmay_the_grid_triangle_9x9_tough_junction,
          minmay_the_grid_triangle_9x9_prize_center], layout_basic,
          hangedman_decor_growths, nicolae_shop_clearance
Temple:   compressed_dpeg_triangle_lava_temple
Lair:1:   layout_small_grid, enter_volcano_1, dreamdust_gnoll_shepherd
Lair:2:   layout_regular_city, nicolae_shoals_entry_roost,
          alex1729_snake_entry_snake, basic_altar, gauntlet_entry_generic,
          minivault_19, uniq_amaemon
Lair:3:   layout_misc_corridors, serial_bayou_pond_e, roderic_batcave,
          grunt_megastairs_5

Skill      XL: |  1  2  3  4  5  6  7  8  9 10 11 12 13 |
---------------+----------------------------------------+-----
Earth Magic    | 4 5 6 7 8 10 11 12 14 | 14.0
Conjurations   | 2 3 4 5 7 9 10 11 12 13 | 13.7
Spellcasting   | 3 4 5 6 7 9 10 11 12 | 12.0
Air Magic      | 5 6 |  6.4
Fighting       | 4 6 |  6.8
Dodging        | |  1.5
Stealth        | |  2.1

Action                     |  1- 3 |  4- 6 |  7- 9 | 10-12 | 13-15 || total
---------------------------+-------+-------+-------+-------+-------++-------
  Melee: Unarmed           |     1 |       |       |       |       ||     1
         Dagger            |    25 |    36 |    24 |    41 |   102 ||   228
   Cast: Sandblast         |    43 |    79 |    94 |   104 |    31 ||   351
         Stone Arrow       |       |     7 |    47 |   167 |    30 ||   251
         Freezing Cloud    |       |       |       |    32 |    32 ||    64
    Use: Scroll            |       |       |       |    10 |     4 ||    14
         Potion            |       |       |       |       |     1 ||     1
 Armour: Robe              |    31 |    23 |    84 |   178 |   113 ||   429
  Dodge: Dodged            |    30 |    34 |    52 |   128 |   124 ||   368

Table legend: (Time is in decaauts)
 A = Elapsed time spent in this place.
 B = Non-inter-level travel time spent in this place.
 C = Inter-level travel time spent in this place.
 D = Time resting spent in this place.
 E = Time spent auto-exploring this place.
 F = Levels seen in this place.
 G = Mean time per level.
                   A        B        C        D        E       F      G
               +--------+--------+--------+--------+--------+-----+--------+
         Total |  19959 |  18995 |    964 |   5982 |   8090 |  16 | 1247.4 |
       Dungeon |  14570 |  13731 |    839 |   3583 |   7345 |  11 | 1324.5 |
        Temple |     37 |     25 |     12 |      0 |      0 |   1 |   37.0 |
          Lair |   4232 |   4119 |    113 |   1702 |    745 |   3 | 1410.7 |
       Volcano |   1118 |   1118 |      0 |    697 |      0 |   1 | 1118.0 |
               +--------+--------+--------+--------+--------+-----+--------+

Top non-repeatable levels by time:
    D:11: 2669 daAuts
  Lair:2: 1877 daAuts
     D:6: 1822 daAuts
  Lair:1: 1399 daAuts
     D:7: 1369 daAuts
     D:4: 1352 daAuts
     D:9: 1217 daAuts
 Volcano: 1118 daAuts
    D:10: 1087 daAuts
     D:2: 1084 daAuts
     D:5: 1075 daAuts
     D:3: 1030 daAuts
     D:1: 1014 daAuts
  Lair:3: 955 daAuts
     D:8: 846 daAuts
